 Dungeon Crawl Stone Soup version 0.25-a0-443-gece2dee8bd (webtiles) character file.

Game seed: 2364330566703012213, levelgen mode: deterministic

219 Roikka the Vexing (level 5, -5/35 HPs)
             Began as a Vampire Enchanter on Jan 30, 2020.
             Killed by divine providence
             ... invoked by an orc priest
              (13 damage)
             ... on level 3 of the Dungeon.
             The game lasted 00:06:16 (1781 turns).

Roikka the Vexing (Vampire Enchanter)               Turns: 1781, Time: 00:06:17

Health: -5/35      AC:  4    Str:  8    XL:     5   Next: 64%
Magic:  9/9        EV: 13    Int: 18    God:
Gold:   144        SH:  0    Dex: 14    Spells: 3/9 levels left

rFire    . . .     SeeInvis +   a - +1 dagger
rCold    . . .     Gourm    .   (no shield)
rNeg     . . .     Faith    .   f - +0 leather armour (curse)
rPois    .         Spirit   .   l - +0 helmet
rElec    .         Reflect  .   (no cloak)
rCorr    .         Harm     .   (no gloves)
MR       .....                  (no boots)
Stlth    +++.......             (no amulet)
HPRegen  0.31/turn              (no ring)
MPRegen  0.11/turn              (no ring)

@: regenerating quickly
A: no food, fangs 3, see invisible, unbreathing
a: Exsanguinate


You were on level 3 of the Dungeon.
You were alive.

You visited 1 branch of the dungeon, and saw 4 of its levels.

You collected 144 gold pieces.

Inventory:

Hand Weapons
 a - a +1 dagger (weapon)
 n - a +0 dagger of pain
Armour
 b - a +0 robe
 f - a cursed +0 leather armour (worn)
 l - a +0 helmet (worn)
Jewellery
 k - an uncursed ring of resist corrosion {unknown}
 p - a cursed amulet of inaccuracy {unknown}
Scrolls
 c - 4 scrolls of remove curse {unknown}
 e - 2 scrolls of fog {unknown}
 g - a scroll of teleportation {unknown}
 h - 2 scrolls of identify {unknown}
 i - 2 scrolls of magic mapping {unknown}
Potions
 d - a potion of curing {unknown}
 j - 2 potions of cancellation {unknown}
 m - 2 potions of flight {unknown}
 o - a potion of lignification {unknown}


   Skills:
 + Level 2.7 Short Blades
 + Level 3.4 Dodging
 - Level 5.0 Stealth
 + Level 2.9 Spellcasting
 + Level 5.7 Hexes
 - Level 2.0 Ice Magic


You had 3 spell levels left.
You knew the following spells:

 Your Spells              Type           Power        Failure   Level  Hunger
a - Corona                Hex            ###....      2%          1    N/A
b - Ensorcelled Hibernat  Hex/Ice        ###...       8%          2    N/A
c - Tukima's Dance        Hex            ###.....     7%          3    N/A

Your spell library contained the following spells:

 Spells                   Type           Power        Failure   Level  Hunger
 Slow                     Hex            ###.....     3%          2    N/A
 Confusing Touch          Hex            ###.....     7%          3    N/A
 Dazzling Flash           Conj/Hex       ##....       22%         3    N/A
 Magic Dart               Conj           #...         24%         1    N/A
 Blink                    Tloc           N/A          36%         2    N/A
 Call Imp                 Summ           #.......     36%         2    N/A
 Conjure Flame            Conj/Fire      #.......     58%         3    N/A
 Mephitic Cloud           Conj/Pois/Air  #.......     58%         3    N/A

Dungeon Overview and Level Annotations

Branches:
Dungeon (4/15)
 Temple: D:4-7

Altars:


Innate Abilities, Weirdness & Mutations

You do not eat.
Your natural rate of healing is unusually fast.
You have razor-sharp teeth.
You have supernaturally acute eyesight. (SInv)
You can survive without breathing.


Message History

The orc is almost dead.
You barely miss the orc.
The orc is almost dead.
The orc hits you but does no damage.
You hit the orc.
You kill the orc!
You hit the orc.
The orc is lightly wounded.
The orc hits you but does no damage.
You hit the orc.
The orc is heavily wounded.
The orc hits you with a cursed -1 hand axe.
You hit the orc.
You kill the orc!
The orc priest mumbles some strange prayers to Beogh against you.
Pain shoots through your body!
* * * LOW HITPOINT WARNING * * *
The orc priest mumbles some strange prayers to Beogh against you.
Beogh smites you!
You die...

########
##......#
##.......#
#........#
####@#......#
###o.K.######.#
##(o.#### #.##
##..### #..#
#.o##
##.######## #(##
###......... #)#
####>....###...
.......o#
#.......†....##
........#
#...#####....##.


You could see an orc priest, 2 orcs and a kobold.

Vanquished Creatures
  A hound (D:4)
  An orc wizard (D:4)
  An orc priest (D:3)
  Terence (D:3)
  4 adders
  A dart slug (D:1)
  4 leopard geckos
  3 orcs
  3 giant cockroaches
  5 goblins
  9 hobgoblins
  6 jackals
  A ball python (D:4)
  3 bats (D:1)
  5 frilled lizards
  9 kobolds
  9 rats
66 creatures vanquished.

Notes
Turn   | Place    | Note
-------+----------+-------------------------------------------
     0 | D:1      | Roikka the Vampire Enchanter began the quest for the Orb.
     0 | D:1      | Reached XP level 1. HP: 13/13 MP: 3/3
   175 | D:1      | Reached XP level 2. HP: 17/19 MP: 5/5
   233 | D:1      | Learned a level 2 spell: Ensorcelled Hibernation
   632 | D:1      | Reached XP level 3. HP: 23/24 MP: 6/6
   760 | D:1      | Learned a level 3 spell: Tukima's Dance
   903 | D:2      | Reached skill level 1 in Ice Magic
  1140 | D:2      | Reached skill level 5 in Stealth
  1165 | D:2      | Reached XP level 4. HP: 27/30 MP: 0/7
  1278 | D:2      | Reached skill level 5 in Hexes
  1357 | D:2      | You fall into a shaft and drop 2 floors!
  1527 | D:4      | Reached XP level 5. HP: 28/35 MP: 1/8
  1691 | D:3      | Noticed Terence
  1699 | D:3      | Killed Terence
  1781 | D:3      | Killed from afar by an orc priest

Levels and vault maps discovered:
D:1:      elethiomel_arrival_infinity_welcomes_careful_drivers, layout_basic
D:2:      layout_rooms, first_ration
D:3:      layout_rooms, uniq_sigmund, uniq_terence
D:4:      layout_loops_cross, hangedman_ru_absence, uniq_edmund

Skill      XL: |  1  2  3  4 |
---------------+-------------+-----
Ice Magic      | 1 2 |  2.0
Stealth        | 5 |  5.0
Short Blades   | 2 |  2.7
Hexes          | 5 |  5.7
Dodging        | 3 |  3.4
Spellcasting   | |  2.9

Action                   |  1- 3 |  4- 6 || total
-------------------------+-------+-------++-------
Melee: Dagger            |   136 |    95 ||   231
       Bite              |    12 |     7 ||    19
 Cast: Ensorcelled Hiber |     6 |     8 ||    14
 Stab: Sleeping          |    10 |     7 ||    17
       Distracted        |     1 |       ||     1
Armor: Robe              |    13 |       ||    13
       Leather armour    |    16 |    23 ||    39
Dodge: Dodged            |    60 |    75 ||   135

Table legend:
 A = Non-vault XP
 B = Vault XP
 C = Vault XP percentage of total XP
 D = Non-vault monster count
 E = Vault monster count
 F = Vault count percentage of total count
                 A         B        C        D         E       F
            +---------+---------+-------+---------+---------+-------
      Total |     278 |      36 |  11.5 |      65 |       1 |   1.5
            +---------+---------+-------+---------+---------+-------
        D:1 |      48 |       0 |   0.0 |      30 |       0 |   0.0
        D:2 |      67 |       0 |   0.0 |      19 |       0 |   0.0
        D:3 |      75 |      36 |  32.4 |      12 |       1 |   7.7
        D:4 |      88 |       0 |   0.0 |       4 |       0 |   0.0
            +---------+---------+-------+---------+---------+-------
